 Dungeon Crawl Stone Soup version 0.28-a0-631-g0446da8ef9 (webtiles) character file.

Game seed: 3870670226752197865

15 MacCMillion the Ruffian (level 2, 29/29 HPs)
             Began as a Troll Monk on Oct 10, 2021.
             Quit the game on level 1 of the Dungeon.
             The game lasted 00:01:59 (279 turns).

MacCMillion the Ruffian (Troll Monk)                 Turns: 279, Time: 00:01:59

Health: 29/29      AC:  4    Str: 18    XL:     2   Next: 34%
Magic:  1/1        EV: 10    Int:  6    God:
Gold:   11         SH:  0    Dex: 12    Spells: 1/1 levels left

rFire   . . .      SeeInvis .     - Unarmed
rCold   . . .      Faith    .   (no shield)
rNeg    . . .      Spirit   .   a - +0 robe
rPois   .          Reflect  .   (helmet restricted)
rElec   .          Harm     .   (no cloak)
rCorr   .          Rampage  .   (gloves unavailable)
Will    .....                   (boots unavailable)
Stlth   ++........              (no amulet)
HPRegen 1.09/turn               (no ring)
MPRegen 0.07/turn               (no ring)

@: no status effects
A: large, unfitting armour, claws 3, regeneration 1, shaggy fur 1, tough skin 1
a: no special abilities


You were on level 1 of the Dungeon.
You visited 1 branch of the dungeon, and saw 1 of its levels.

You collected 11 gold pieces.

Inventory:

Armour
 a - a +0 robe (worn)
Scrolls
 b - a scroll of teleportation {unknown}
 c - a scroll of fear {unknown}


   Skills:
 + Level 2.5 Fighting
 * Level 2.8 Dodging
 + Level 1.0 Stealth
 + Level 3.2 Unarmed Combat


You had one spell level left.
You didn't know any spells.
Your spell library contained the following spells:

 Spells                   Type           Power      Damage    Failure   Level
 Freeze                   Ice            0%         1d3       45%         1
 Frozen Ramparts          Ice            0%         1d2       83%         3
 Hailstorm                Conj/Ice       0%         3d3       99%         4


Dungeon Overview and Level Annotations

Branches:
Dungeon (1/15)

Altars:


Innate Abilities, Weirdness & Mutations

You are too large for most types of armour.
You have claws for hands.
Your natural rate of healing is unusually fast.
You are covered in fur. (AC +1)
You have tough skin. (AC +1)


Message History

The goblin hits you with a +3 dagger. The goblin hits you but does no damage.
You claw the kobold!
You kill the kobold!
The hobgoblin hits you.
Things that are here:
a +0 short sword; 5 stones You closely miss the hobgoblin.
The goblin hits you with a +3 dagger.
You barely miss the hobgoblin.
The hobgoblin is severely wounded.
The hobgoblin hits you. The hobgoblin barely misses you.
You scratch the hobgoblin.
You kill the hobgoblin!
The goblin hits you with a +3 dagger. The hobgoblin barely misses you.
You scratch the goblin but do no damage.
The goblin hits you with a +3 dagger. The hobgoblin hits you.
You claw the goblin!
You kill the goblin!
The hobgoblin hits you.
You are too injured to fight recklessly!
You claw the hobgoblin!
You kill the hobgoblin!
No target in view!
HP restored.
Found 15 bolts.
c - a scroll labelled TUAFOVVEEKH
Found 6 sling bullets.
You see here 6 sling bullets.
You see here a +0 club.
A hobgoblin comes into view.
A hobgoblin is nearby!
The helpless hobgoblin fails to defend itself.
You claw the hobgoblin!
You kill the hobgoblin!
No target in view!
No target in view!
You see here a hobgoblin corpse.
A rat comes into view.
Unknown command.
Are you sure you want to abandon this character and quit the game? (Confirm with "yes".)

#.##.#....#.#......
#.......###.#......
#..................
#..................
#.##....>...)......
####.##.###....##.....
#..............#)..#.#
#............).......#
#....@#####...........
#.....# #........#..
#.....# #........#..
#.....# ###...........
##..... ............>.
#...................#
#.............##.#.##
#.r..................
...####...#...


You could see a rat (asleep).

Vanquished Creatures
  2 goblins (D:1)
  3 hobgoblins (D:1)
  2 kobolds (D:1)
  3 ball pythons (D:1)
  2 bats (D:1)
  A frilled lizard (D:1)
  2 rats (D:1)
15 creatures vanquished.

Notes
Turn   | Place    | Note
-------+----------+-------------------------------------------
     0 | D:1      | MacCMillion the Troll Monk began the quest for the Orb.
     0 | D:1      | Reached XP level 1. HP: 22/22 MP: 0/0
   177 | D:1      | Reached XP level 2. HP: 20/29 MP: 1/1
   279 | D:1      | Quit the game

Illustrated notes

Levels and vault maps discovered:
D:1:      giann_forest_graveyard, layout_basic, serial_bayou_pond_d,
          st_stairs_1, kennysheep_crisscross, lemuel_another_geyser

Action                   || total
-------------------------++-------
Melee: Unarmed           ||    32
 Stab: Sleeping          ||     2
Armor: Robe              ||    14
Dodge: Dodged            ||    17

Table legend: (Time is in decaauts)
 A = Elapsed time spent in this place.
 B = Non-inter-level travel time spent in this place.
 C = Inter-level travel time spent in this place.
 D = Time resting spent in this place.
 E = Time spent auto-exploring this place.
 F = Levels seen in this place.
 G = Mean time per level.
                   A        B        C        D        E       F      G
               +--------+--------+--------+--------+--------+-----+--------+
         Total |    279 |    279 |      0 |      0 |    185 |   1 |  279.0 |
       Dungeon |    279 |    279 |      0 |      0 |    185 |   1 |  279.0 |
               +--------+--------+--------+--------+--------+-----+--------+

Top non-repeatable levels by time:
     D:1: 279 daAuts
